Jets vs Blackhawks

Created - 12 janvier 2018 at 15:55

Goals
1 2 3 T
Jets 0 2 0 2
Blackhawks 0 0 3 3
Shots
1 2 3 T
Jets 5 9 6 20
Blackhawks 11 9 10 30

1st period

No Goal

Penalties :
No Penalty

2nd period

1. Jets , Tyler Toffoli 12 (Ryan Ellis 16, Daniel Tjarnqvist 19) at 5:57
2. Jets , Leo Komarov 3 (Andrew MacDonald 7) at 15:09

Penalties :
Mike Iggulden (WIN) for Hooking (Minor) at 17:33

3rd period

3. Blackhawks , Ryan Nugent-Hopkins 13 (Justin Faulk 10) at 4:32
4. Blackhawks , Jamie Benn 15 (Victor Hedman 17, Steven Stamkos 14) at 10:59
5. Blackhawks , Nikolaj Ehlers 7 (Steven Stamkos 15, David Rundblad 13) at 19:06

Penalties :
Brett Skinner (CHI) for Hooking (Minor) at 2:19

Goalie Stats

Philipp Grubauer (WIN), 27 saves from 30 shots - (0,900), L, 0-1-0, 59:51 minutes
Nolan Schaefer (CHI), 18 saves from 20 shots - (0,900), W, 20-9-2, 60:00 minutes

Players Stats for Jets

Player Name              G  A  P  +/- PIM S  H  SB GA TA FO     MP     PP MP  PK MP  
------------------------------------------------------------------------------------
*Nico Hischier           0  0  0   0  0   0  2  1  0  0  5/18   18:27   0:52   1:05 
Andre Deveaux            0  0  0  -1  0   0  3  0  0  0  4/8     6:40   0:00   0:00 
Andrew MacDonald         0  1  1  -1  0   0  0  0  0  0  0/0    17:12   0:00   0:00 
Chris Higgins            0  0  0   0  0   0  0  2  0  0  1/2    19:03   1:07   0:54 
Connor Murphy            0  0  0  -1  0   1  3  1  0  0  0/0    17:12   0:00   0:00 
Daniel Tjarnqvist        0  1  1   1  0   0  2  1  0  0  0/0    21:51   0:27   0:57 
Jake Muzzin              0  0  0  -1  0   2  3  1  0  0  0/0    20:57   1:32   1:02 
Josh Bailey              0  0  0   0  0   0  1  0  0  0  0/1    17:23   0:00   0:00 
Kevin Porter             0  0  0   0  0   1  0  0  0  0  0/0    15:07   0:00   0:00 
Leo Komarov              1  0  1   0  0   3  3  0  0  0  6/14   15:07   0:00   0:00 
Marc-Edouard Vlasic      0  0  0  -1  0   1  0  1  0  0  0/0    18:37   1:32   1:02 
Mike Iggulden            0  0  0   0  2   1  4  0  0  0  9/17   18:46   0:52   0:00 
Milan Lucic              0  0  0   0  0   1  0  0  0  0  0/0     1:07   1:07   0:00 
Ryan Ellis               0  1  1   1  0   1  5  1  0  0  0/0    24:11   0:27   0:57 
Sam Reinhart             0  0  0   0  0   1  0  0  0  0  0/1    18:43   0:00   0:00 
Tim Jackman              0  0  0  -1  0   0  0  0  0  0  0/0     6:30   0:00   0:00 
Tomas Fleischmann        0  0  0   0  0   3  0  0  0  0  0/0    16:56   1:07   0:42 
Tyler Toffoli            1  0  1  -1  0   5  0  0  0  0  1/5    24:11   0:52   1:17 

Players Stats for Blackhawks

Player Name              G  A  P  +/- PIM S  H  SB GA TA FO     MP     PP MP  PK MP  
------------------------------------------------------------------------------------
Brett Skinner            0  0  0   1  2   0  1  0  0  0  0/0     2:51   0:00   0:00 
Bryan Little             0  0  0   0  0   3  1  0  0  0  9/17   21:27   0:38   0:20 
David Rundblad           0  1  1   1  0   0  0  0  0  0  0/0    18:04   1:21   0:46 
Derek Forbort            0  0  0  -1  0   0  1  0  0  0  0/0    22:04   0:38   0:59 
Jamie Benn               1  0  1   0  0   7  2  0  0  0  0/1    18:52   0:00   0:00 
Jamie Devane             0  0  0   0  0   0  0  0  0  0  0/0     0:00   0:00   0:00 
John Carlson             0  0  0   0  0   0  0  0  0  0  0/0     7:17   0:00   0:00 
Justin Faulk             0  1  1   1  0   2  1  1  0  0  0/0    19:26   0:00   0:14 
Martin Havlat            0  0  0  -1  0   4  0  0  0  0  1/1    19:50   0:38   0:20 
Mika Zibanejad           0  0  0   0  0   1  1  1  0  0  0/0    19:45   0:00   0:00 
Nikolaj Ehlers           1  0  1   2  0   1  0  0  0  0  0/1    19:23   0:38   0:00 
Ryan Bourque             0  0  0   0  0   0  0  0  0  0  0/0     1:20   0:00   0:32 
Ryan Nugent-Hopkins      1  0  1   0  0   2  0  0  0  0  15/19  15:33   1:21   0:00 
Shea Weber               0  0  0  -1  0   2  2  0  0  0  0/0    26:56   0:38   0:59 
Steven Stamkos           0  2  2   2  0   2  3  1  0  0  15/21  22:14   1:21   1:07 
Taylor Hall              0  0  0   1  0   4  0  0  0  0  0/3    18:49   1:21   0:56 
Tyler Johnson            0  0  0  -1  0   2  1  0  0  0  0/3    20:48   0:00   0:43 
Victor Hedman            0  1  1   1  0   0  1  1  0  0  0/0    23:21   1:21   1:00 

3 Stars

1 - Steven Stamkos (CHI)
2 - Nikolaj Ehlers (CHI)
3 - Jamie Benn (CHI)

Power Play

Jets - 0 on 1 Attempt(s) - 0,00%
Blackhawks - 0 on 1 Attempt(s) - 0,00%

Penalty Kill

Jets - 1 on 1 Attempt(s) - 100,00% - Score 0 goal in Penalty Kill
Blackhawks - 1 on 1 Attempt(s) - 100,00% - Score 0 goal in Penalty Kill

Team Stat

Jets - Hits : 26 - Faceoff Wins : 26 - Blocked Shots : 8 - Penalty Minutes : 2
Blackhawks - Hits : 14 - Faceoff Wins : 40 - Blocked Shots : 4 - Penalty Minutes : 2

Official

Referees : Darcy Burchell and Pierre Lambert
Linesman : Bill McGoldrick and Mike Anderson

Game Notes

John Carlson is injured at 0:34 of 2nd period (Torn Left ACL)
Ryan Nugent-Hopkins is injured at 8:07 of 3rd period (Right Leg)

Finance

Level 1 -- Attendance: 5796 (89,17%) -- Ticket Income 579 600 $
Level 2 -- Attendance: 5500 (100,00%) -- Ticket Income 385 000 $
Level 3 -- Attendance: 2051 (82,04%) -- Ticket Income 102 550 $
Level 4 -- Attendance: 4217 (93,71%) -- Ticket Income 126 510 $
Luxury Box -- Attendance: 2250 (60,00%) -- Ticket Income 787 500 $
Game was played at the The United Center.
Total Attendance: 19814 (87,09%)
Total Ticket Income: 1 981 160 $
Other Income: 970 768 $
Total Income: 2 951 928 $

Jets

5 vs 5 Forward 
   Center                   Left Wing                Right Wing               Time % Phy DF OF 
 1 *Nico Hischier           Josh Bailey              Tyler Toffoli            36     1   2  2  
 2 Mike Iggulden            Chris Higgins            Sam Reinhart             34     1   2  2  
 3 Leo Komarov              Tomas Fleischmann        Kevin Porter             23     1   2  2  
 4 Andre Deveaux            Tyler Toffoli            Tim Jackman              7      1   2  2  

5 vs 5 Defense 
   Defense                  Defense                                           Time % Phy DF OF 
 1 Daniel Tjarnqvist        Ryan Ellis                                        40     1   2  2  
 2 Jake Muzzin              Marc-Edouard Vlasic                               30     1   2  2  
 3 Connor Murphy            Andrew MacDonald                                  20     1   2  2  
 4 Jake Muzzin              Ryan Ellis                                        10     1   2  2  

PowerPlay Forward 
   Center                   Left Wing                Right Wing               Time % Phy DF OF 
 1 *Nico Hischier           Mike Iggulden            Tyler Toffoli            60     1   2  2  
 2 Chris Higgins            Milan Lucic              Tomas Fleischmann        40     1   2  2  

PowerPlay Defense
   Defense                  Defense                                           Time % Phy DF OF 
 1 Daniel Tjarnqvist        Ryan Ellis                                        60     1   2  2  
 2 Jake Muzzin              Marc-Edouard Vlasic                               40     1   2  2  

Penalty Kill 4 Players Forward 
   Center                   Wing                     Time % Phy DF OF 
 1 Tyler Toffoli            Mike Iggulden            60     1   2  2  
 2 Josh Bailey              Chris Higgins            40     1   2  2  

Penalty Kill 4 Players Defense
   Defense                  Defense                  Time % Phy DF OF 
 1 Daniel Tjarnqvist        Ryan Ellis               60     1   2  2  
 2 Jake Muzzin              Marc-Edouard Vlasic      40     1   2  2  

Penalty Kill - 3 Players Forward 
   Forward                                           Time % Phy DF OF 
 1 Tyler Toffoli                                     60     1   2  2  
 2 Mike Iggulden                                     40     1   2  2  

Penalty Kill - 3 Players Defense
   Defense                  Defense                  Time % Phy DF OF 
 1 Daniel Tjarnqvist        Ryan Ellis               60     1   2  2  
 2 Jake Muzzin              Marc-Edouard Vlasic      40     1   2  2  

4 vs 4 Forward 
   Center                   Wing                     Time % Phy DF OF 
 1 Tyler Toffoli            Mike Iggulden            60     1   2  2  
 2 Josh Bailey              Chris Higgins            40     1   2  2  

4 vs 4 Defense
   Defense                  Defense                  Time % Phy DF OF 
 1 Daniel Tjarnqvist        Ryan Ellis               60     1   2  2  
 2 Jake Muzzin              Marc-Edouard Vlasic      40     1   2  2  

Last Minutes Offensive
   Center                   Left Wing                Right Wing               Defense                  Defense                  
   Tyler Toffoli            Mike Iggulden            Josh Bailey              Daniel Tjarnqvist        Ryan Ellis               

Last Minutes Defensive
   Center                   Left Wing                Right Wing               Defense                  Defense                  
   Tyler Toffoli            Mike Iggulden            Josh Bailey              Daniel Tjarnqvist        Ryan Ellis               

Goaltenders
Starting : Philipp Grubauer         
Backup : Jaroslav Halak           

Extra Forwards
Normal : Andre Deveaux, Sam Reinhart, *Nico Hischier - PP : Andre Deveaux, Sam Reinhart - PK : *Nico Hischier
Extra Defensemen
Normal : Connor Murphy, Andrew MacDonald, Jake Muzzin - PP : Connor Murphy - PK : Andrew MacDonald, Jake Muzzin
Penalty Shots
Tyler Toffoli, Mike Iggulden, Josh Bailey, Chris Higgins, Milan Lucic
Custom OT Lines Forwards
Tyler Toffoli, Mike Iggulden, Josh Bailey, Chris Higgins, Milan Lucic, Tomas Fleischmann, Sam Reinhart, *Nico Hischier, Leo Komarov, Andre Deveaux
Custom OT Lines Defensemen
Daniel Tjarnqvist, Ryan Ellis, Jake Muzzin, Marc-Edouard Vlasic, Connor Murphy

Scratches
Trevor Van Riemsdyk (Healthy), Raffi Torres (Healthy), Kyle MacKinnon (Healthy), Maxime Daigneault (Healthy)

Blackhawks

5 vs 5 Forward 
   Center                   Left Wing                Right Wing               Time % Phy DF OF 
 1 Steven Stamkos           Taylor Hall              Nikolaj Ehlers           33     0   2  3  
 2 Bryan Little             Tyler Johnson            Mika Zibanejad           33     0   2  3  
 3 Ryan Nugent-Hopkins      Jamie Benn               Martin Havlat            33     0   3  2  
 4 Ryan Nugent-Hopkins      Nikolaj Ehlers           Mika Zibanejad           1      0   3  2  

5 vs 5 Defense 
   Defense                  Defense                                           Time % Phy DF OF 
 1 Shea Weber               Victor Hedman                                     35     0   3  2  
 2 John Carlson             Derek Forbort                                     35     0   3  2  
 3 Justin Faulk             David Rundblad                                    30     0   3  2  
 4 Shea Weber               John Carlson                                      0      0   3  2  

PowerPlay Forward 
   Center                   Left Wing                Right Wing               Time % Phy DF OF 
 1 Bryan Little             Nikolaj Ehlers           Martin Havlat            50     0   0  5  
 2 Ryan Nugent-Hopkins      Taylor Hall              Steven Stamkos           50     0   0  5  

PowerPlay Defense
   Defense                  Defense                                           Time % Phy DF OF 
 1 Shea Weber               John Carlson                                      50     0   1  4  
 2 Victor Hedman            David Rundblad                                    50     0   1  4  

Penalty Kill 4 Players Forward 
   Center                   Wing                     Time % Phy DF OF 
 1 Taylor Hall              Steven Stamkos           60     0   3  2  
 2 Martin Havlat            Bryan Little             40     0   3  2  

Penalty Kill 4 Players Defense
   Defense                  Defense                  Time % Phy DF OF 
 1 Shea Weber               John Carlson             60     0   3  2  
 2 Victor Hedman            David Rundblad           40     0   3  2  

Penalty Kill - 3 Players Forward 
   Forward                                           Time % Phy DF OF 
 1 Steven Stamkos                                    60     0   3  2  
 2 Bryan Little                                      40     0   3  2  

Penalty Kill - 3 Players Defense
   Defense                  Defense                  Time % Phy DF OF 
 1 Shea Weber               John Carlson             60     0   3  2  
 2 Victor Hedman            Derek Forbort            40     0   3  2  

4 vs 4 Forward 
   Center                   Wing                     Time % Phy DF OF 
 1 Steven Stamkos           Martin Havlat            60     0   3  2  
 2 Tyler Johnson            Bryan Little             40     0   3  2  

4 vs 4 Defense
   Defense                  Defense                  Time % Phy DF OF 
 1 Shea Weber               John Carlson             60     0   2  3  
 2 Victor Hedman            David Rundblad           40     0   2  3  

Last Minutes Offensive
   Center                   Left Wing                Right Wing               Defense                  Defense                  
   Steven Stamkos           Tyler Johnson            Martin Havlat            Shea Weber               John Carlson             

Last Minutes Defensive
   Center                   Left Wing                Right Wing               Defense                  Defense                  
   Steven Stamkos           Tyler Johnson            Martin Havlat            Shea Weber               John Carlson             

Goaltenders
Starting : Nolan Schaefer           
Backup : Cory Schneider           

Extra Forwards
Normal : Martin Havlat, Bryan Little, Steven Stamkos - PP : Steven Stamkos, Bryan Little - PK : Steven Stamkos
Extra Defensemen
Normal : John Carlson, Shea Weber, Victor Hedman - PP : Shea Weber - PK : Shea Weber, Victor Hedman
Penalty Shots
Steven Stamkos, Nikolaj Ehlers, Martin Havlat, Bryan Little, Taylor Hall
Custom OT Lines Forwards
Steven Stamkos, Tyler Johnson, Martin Havlat, Bryan Little, Taylor Hall, Jamie Benn, Mika Zibanejad, Nikolaj Ehlers, Ryan Nugent-Hopkins, Jamie Devane
Custom OT Lines Defensemen
Shea Weber, John Carlson, Victor Hedman, Derek Forbort, David Rundblad

Scratches
None


% Time on Ice - Jets

Lines # - Real PCT - Wanted PCT - Time Play
Normal Forward
1 - 30% - 36% - 16:30
2 - 31% - 34% - 17:02
3 - 27% - 23% - 15:07
4 - 12% - 7% - 6:30
Normal Defense
1 - 35% - 40% - 19:34
2 - 29% - 30% - 16:03
3 - 31% - 20% - 17:12
4 - 4% - 10% - 2:20
PP Forward
1 - 44% - 60% - 0:52
2 - 56% - 40% - 1:07
PP Defense
1 - 23% - 60% - 0:27
2 - 77% - 40% - 1:32
PK Forward
1 - 100% - 60% - 1:59
2 - 0% - 40% - 0:00
PK Defense
1 - 48% - 60% - 0:57
2 - 52% - 40% - 1:02
PK3 Forward
1 - 0% - 60%
2 - 0% - 40%
PK3 Defense
1 - 0% - 60%
2 - 0% - 40%
44 Forward
1 - 0% - 60%
2 - 0% - 40%
44 Defense
1 - 0% - 60%
2 - 0% - 40%
Last Minute Offensive  - 0:53
Last Minute Defensive  - 0:00
Total
Forward - 60:00
Defense - 60:00

% Time on Ice - Blackhawks

Lines # - Real PCT - Wanted PCT - Time Play
Normal Forward
1 - 30% - 33% - 16:32
2 - 30% - 33% - 16:44
3 - 34% - 33% - 18:52
4 - 5% - 1% - 3:01
Normal Defense
1 - 24% - 35% - 13:26
2 - 37% - 35% - 20:19
3 - 29% - 30% - 15:57
4 - 10% - 0% - 5:27
PP Forward
1 - 32% - 50% - 0:38
2 - 68% - 50% - 1:21
PP Defense
1 - 32% - 50% - 0:38
2 - 68% - 50% - 1:21
PK Forward
1 - 83% - 60% - 1:39
2 - 17% - 40% - 0:20
PK Defense
1 - 61% - 60% - 1:13
2 - 39% - 40% - 0:46
PK3 Forward
1 - 0% - 60%
2 - 0% - 40%
PK3 Defense
1 - 0% - 60%
2 - 0% - 40%
44 Forward
1 - 0% - 60%
2 - 0% - 40%
44 Defense
1 - 0% - 60%
2 - 0% - 40%
Last Minute Offensive  - 0:00
Last Minute Defensive  - 0:53
Total
Forward - 60:00
Defense - 60:00

Play by Play

1st period


0:01 of 1st period - Steven Stamkos wins face-off versus *Nico Hischier in neutral zone.
0:10 of 1st period - Shot by Taylor Hall.
0:10 of 1st period - Shot Blocked by *Nico Hischier.
0:12 of 1st period - Shot by Shea Weber.
0:12 of 1st period - Stopped by Philipp Grubauer without a rebound.
0:13 of 1st period - Bryan Little wins face-off versus Mike Iggulden in Jets zone.
0:23 of 1st period - Tyler Johnson is hit by Jake Muzzin and loses puck.
0:30 of 1st period - Shot by Tyler Johnson.
0:30 of 1st period - Shot Misses the Net.
0:32 of 1st period - Shot by Tyler Johnson.
0:32 of 1st period - Stopped by Philipp Grubauer without a rebound.
0:33 of 1st period - Ryan Nugent-Hopkins wins face-off versus Leo Komarov in Jets zone.
0:45 of 1st period - Icing by Andrew MacDonald.
0:46 of 1st period - Steven Stamkos wins face-off versus Leo Komarov in Jets zone.
0:51 of 1st period - Shot by Steven Stamkos.
0:51 of 1st period - Deflect By Taylor Hall.
0:51 of 1st period - Stopped by Philipp Grubauer without a rebound.
0:52 of 1st period - Ryan Nugent-Hopkins wins face-off versus *Nico Hischier in Jets zone.
0:53 of 1st period - Shot by Martin Havlat.
0:53 of 1st period - Shot Blocked by Daniel Tjarnqvist.
0:55 of 1st period - Shot by Martin Havlat.
0:55 of 1st period - Stopped by Philipp Grubauer without a rebound.
0:56 of 1st period - Andre Deveaux wins face-off versus Ryan Nugent-Hopkins in Jets zone.
1:02 of 1st period - Shea Weber is hit by Jake Muzzin.
1:38 of 1st period - Shot by Martin Havlat.
1:38 of 1st period - Deflect By Ryan Nugent-Hopkins.
1:38 of 1st period - Shot Misses the Net.
1:40 of 1st period - Shot by Martin Havlat.
1:40 of 1st period - Shot Blocked by Ryan Ellis.
2:00 of 1st period - Shot by Steven Stamkos.
2:00 of 1st period - Shot Misses the Net.
2:02 of 1st period - Shot by Taylor Hall.
2:02 of 1st period - Shot Blocked by Chris Higgins.
3:10 of 1st period - Shot by Bryan Little.
3:10 of 1st period - Stopped by Philipp Grubauer without a rebound.
3:11 of 1st period - Ryan Nugent-Hopkins wins face-off versus *Nico Hischier in Jets zone.
3:20 of 1st period - Shot by Jamie Benn.
3:20 of 1st period - Shot Misses the Net.
3:22 of 1st period - Shot by Shea Weber.
3:22 of 1st period - Shot Misses the Net.
3:38 of 1st period - Shot by Martin Havlat.
3:38 of 1st period - Deflect By Jamie Benn.
3:38 of 1st period - Stopped by Philipp Grubauer without a rebound.
3:39 of 1st period - Leo Komarov wins face-off versus Nikolaj Ehlers in Jets zone.
3:44 of 1st period - John Carlson is hit by Leo Komarov and loses puck.
4:09 of 1st period - Icing by Daniel Tjarnqvist.
4:10 of 1st period - Bryan Little wins face-off versus Leo Komarov in Jets zone.
4:56 of 1st period - Tyler Johnson is hit by Jake Muzzin and loses puck.
6:04 of 1st period - Shot by Mike Iggulden.
6:04 of 1st period - Shot Misses the Net.
6:34 of 1st period - Shot by Tyler Toffoli.
6:34 of 1st period - Stopped by Nolan Schaefer with a rebound.
8:35 of 1st period - Icing by Shea Weber.
8:36 of 1st period - Ryan Nugent-Hopkins wins face-off versus *Nico Hischier in Blackhawks zone.
9:40 of 1st period - Icing by Marc-Edouard Vlasic.
9:41 of 1st period - Bryan Little wins face-off versus Leo Komarov in Jets zone.
9:48 of 1st period - Shot by Bryan Little.
9:48 of 1st period - Stopped by Philipp Grubauer without a rebound.
9:49 of 1st period - Mike Iggulden wins face-off versus Bryan Little in Jets zone.
9:49 of 1st period - Chris Higgins is hit by Bryan Little and loses puck.
10:24 of 1st period - Shot by Tyler Johnson.
10:24 of 1st period - Stopped by Philipp Grubauer with a rebound.
11:15 of 1st period - Shot by Leo Komarov.
11:15 of 1st period - Shot Misses the Net.
11:21 of 1st period - Shot by Leo Komarov.
11:21 of 1st period - Stopped by Nolan Schaefer with a rebound.
11:23 of 1st period - Shot by Kevin Porter.
11:23 of 1st period - Stopped by Nolan Schaefer with a rebound.
11:25 of 1st period - Shot by Jake Muzzin.
11:25 of 1st period - Stopped by Nolan Schaefer without a rebound.
11:26 of 1st period - Steven Stamkos wins face-off versus *Nico Hischier in Blackhawks zone.
11:26 of 1st period - Nikolaj Ehlers is hit by Josh Bailey and loses puck.
11:40 of 1st period - Icing by Ryan Ellis.
11:41 of 1st period - Ryan Nugent-Hopkins wins face-off versus *Nico Hischier in Jets zone.
11:41 of 1st period - Ryan Nugent-Hopkins is hit by Ryan Ellis.
11:50 of 1st period - Icing by *Nico Hischier.
11:51 of 1st period - Steven Stamkos wins face-off versus *Nico Hischier in Jets zone.
11:58 of 1st period - Shot by Tyler Toffoli.
11:58 of 1st period - Shot Misses the Net.
12:05 of 1st period - Steven Stamkos is hit by Daniel Tjarnqvist and loses puck.
12:46 of 1st period - Shot by Jamie Benn.
12:46 of 1st period - Stopped by Philipp Grubauer without a rebound.
12:47 of 1st period - Ryan Nugent-Hopkins wins face-off versus Mike Iggulden in Jets zone.
13:18 of 1st period - Shot by Martin Havlat.
13:18 of 1st period - Shot Misses the Net.
13:20 of 1st period - Shot by Martin Havlat.
13:20 of 1st period - Shot Blocked by Chris Higgins.
13:22 of 1st period - Shot by Martin Havlat.
13:22 of 1st period - Deflect By Jamie Benn.
13:22 of 1st period - Shot Misses the Net.
15:34 of 1st period - Shot by Steven Stamkos.
15:34 of 1st period - Shot Misses the Net.
15:43 of 1st period - Off-side.
15:44 of 1st period - Leo Komarov wins face-off versus Ryan Nugent-Hopkins in neutral zone.
16:15 of 1st period - Connor Murphy is hit by Jamie Benn and loses puck.
16:54 of 1st period - Ryan Ellis is hit by Steven Stamkos and loses puck.
17:15 of 1st period - John Carlson is hit by *Nico Hischier and loses puck.
17:54 of 1st period - Shot by Sam Reinhart.
17:54 of 1st period - Stopped by Nolan Schaefer without a rebound.
17:55 of 1st period - Ryan Nugent-Hopkins wins face-off versus Andre Deveaux in Blackhawks zone.
17:55 of 1st period - Ryan Nugent-Hopkins is hit by Andre Deveaux.
17:58 of 1st period - Jamie Benn is hit by Andre Deveaux and loses puck.
18:57 of 1st period - Shot by Taylor Hall.
18:57 of 1st period - Stopped by Philipp Grubauer without a rebound.
18:58 of 1st period - Mike Iggulden wins face-off versus Bryan Little in Jets zone.
19:27 of 1st period - Shot by Bryan Little.
19:27 of 1st period - Stopped by Philipp Grubauer without a rebound.
19:28 of 1st period - Ryan Nugent-Hopkins wins face-off versus Leo Komarov in Jets zone.
19:43 of 1st period - Shot by Martin Havlat.
19:43 of 1st period - Shot Blocked by Jake Muzzin.
Goals for this period are 0 for Jets vs 0 for Blackhawks.
Shots for this period are 5 for Jets vs 11 for Blackhawks.

2nd period


0:01 of 2nd period - Steven Stamkos wins face-off versus *Nico Hischier in neutral zone.
0:17 of 2nd period - Icing by Taylor Hall.
0:18 of 2nd period - Mike Iggulden wins face-off versus Taylor Hall in Blackhawks zone.
0:28 of 2nd period - Icing by John Carlson.
0:29 of 2nd period - Steven Stamkos wins face-off versus *Nico Hischier in Blackhawks zone.
0:33 of 2nd period - John Carlson is hit by Daniel Tjarnqvist and loses puck.
0:34 of 2nd period - John Carlson from Blackhawks is injured at 0:34 of 2nd period (Torn Left ACL).
0:35 of 2nd period - *Nico Hischier wins face-off versus Ryan Nugent-Hopkins in Jets zone.
0:43 of 2nd period - Icing by David Rundblad.
0:44 of 2nd period - Ryan Nugent-Hopkins wins face-off versus Mike Iggulden in Blackhawks zone.
0:44 of 2nd period - Ryan Nugent-Hopkins is hit by Mike Iggulden.
0:56 of 2nd period - Shot by Martin Havlat.
0:56 of 2nd period - Stopped by Philipp Grubauer with a rebound.
0:58 of 2nd period - Shot by Justin Faulk.
0:58 of 2nd period - Shot Misses the Net.
2:08 of 2nd period - Josh Bailey is hit by Shea Weber.
2:28 of 2nd period - Shot by Steven Stamkos.
2:28 of 2nd period - Shot Blocked by Marc-Edouard Vlasic.
3:03 of 2nd period - Shot by Tomas Fleischmann.
3:03 of 2nd period - Stopped by Nolan Schaefer with a rebound.
3:25 of 2nd period - Icing by Connor Murphy.
3:26 of 2nd period - Leo Komarov wins face-off versus Bryan Little in Jets zone.
4:43 of 2nd period - Tyler Toffoli is hit by Jamie Benn and loses puck.
4:48 of 2nd period - Shot by Martin Havlat.
4:48 of 2nd period - Stopped by Philipp Grubauer without a rebound.
4:49 of 2nd period - *Nico Hischier wins face-off versus Jamie Benn in Jets zone.
4:59 of 2nd period - Icing by Victor Hedman.
5:00 of 2nd period - Ryan Nugent-Hopkins wins face-off versus Leo Komarov in Blackhawks zone.
5:21 of 2nd period - Shot by Martin Havlat.
5:21 of 2nd period - Shot Misses the Net.
5:33 of 2nd period - Shot by Leo Komarov.
5:33 of 2nd period - Stopped by Nolan Schaefer without a rebound.
5:34 of 2nd period - Bryan Little wins face-off versus *Nico Hischier in Blackhawks zone.
5:57 of 2nd period - Shot by Tyler Toffoli.
5:57 of 2nd period - Goal by Tyler Toffoli - Jets : 1 - Blackhawks : 0.
5:58 of 2nd period - Steven Stamkos wins face-off versus Mike Iggulden in neutral zone.
6:07 of 2nd period - Mike Iggulden is hit by Steven Stamkos and loses puck.
6:42 of 2nd period - David Rundblad is hit by Connor Murphy and loses puck.
6:52 of 2nd period - Andrew MacDonald is hit by Derek Forbort and loses puck.
6:59 of 2nd period - Shot by Tyler Johnson.
6:59 of 2nd period - Shot Blocked by Connor Murphy.
7:01 of 2nd period - Shot by Bryan Little.
7:01 of 2nd period - Deflect By Mika Zibanejad.
7:01 of 2nd period - Stopped by Philipp Grubauer without a rebound.
7:02 of 2nd period - Ryan Nugent-Hopkins wins face-off versus *Nico Hischier in Jets zone.
7:05 of 2nd period - Shot by Martin Havlat.
7:05 of 2nd period - Deflect By Jamie Benn.
7:05 of 2nd period - Shot Misses the Net.
8:09 of 2nd period - Shot by Tomas Fleischmann.
8:09 of 2nd period - Shot Blocked by Justin Faulk.
8:45 of 2nd period - Shot by Taylor Hall.
8:45 of 2nd period - Stopped by Philipp Grubauer without a rebound.
8:46 of 2nd period - Mike Iggulden wins face-off versus Steven Stamkos in Jets zone.
9:07 of 2nd period - Icing by Victor Hedman.
9:08 of 2nd period - Andre Deveaux wins face-off versus Steven Stamkos in Blackhawks zone.
9:09 of 2nd period - Shot by Tyler Toffoli.
9:09 of 2nd period - Deflect By Andre Deveaux.
9:09 of 2nd period - Shot Misses the Net.
9:21 of 2nd period - Shot by Tyler Toffoli.
9:21 of 2nd period - Stopped by Nolan Schaefer without a rebound.
9:22 of 2nd period - Bryan Little wins face-off versus Mike Iggulden in Blackhawks zone.
9:50 of 2nd period - Bryan Little is hit by Connor Murphy and loses puck.
10:03 of 2nd period - Shot by Tyler Johnson.
10:03 of 2nd period - Shot Misses the Net.
10:25 of 2nd period - Shot by Justin Faulk.
10:25 of 2nd period - Stopped by Philipp Grubauer without a rebound.
10:26 of 2nd period - *Nico Hischier wins face-off versus Steven Stamkos in Jets zone.
11:07 of 2nd period - Off-side.
11:08 of 2nd period - Leo Komarov wins face-off versus Bryan Little in neutral zone.
11:15 of 2nd period - Shot by Tomas Fleischmann.
11:15 of 2nd period - Stopped by Nolan Schaefer without a rebound.
11:16 of 2nd period - Leo Komarov wins face-off versus Bryan Little in Blackhawks zone.
11:17 of 2nd period - Shot by Tomas Fleischmann.
11:17 of 2nd period - Stopped by Nolan Schaefer without a rebound.
11:18 of 2nd period - Bryan Little wins face-off versus Mike Iggulden in Blackhawks zone.
11:18 of 2nd period - Bryan Little is hit by Mike Iggulden.
11:30 of 2nd period - Shot by Tyler Johnson.
11:30 of 2nd period - Shot Misses the Net.
11:42 of 2nd period - Shot by Sam Reinhart.
11:42 of 2nd period - Shot Misses the Net.
14:13 of 2nd period - Shot by Chris Higgins.
14:13 of 2nd period - Deflect By Mike Iggulden.
14:13 of 2nd period - Shot Blocked by Mika Zibanejad.
14:37 of 2nd period - Shot by Sam Reinhart.
14:37 of 2nd period - Shot Misses the Net.
15:03 of 2nd period - Shot by Martin Havlat.
15:03 of 2nd period - Shot Misses the Net.
15:09 of 2nd period - Shot by Leo Komarov.
15:09 of 2nd period - Goal by Leo Komarov - Jets : 2 - Blackhawks : 0.
15:10 of 2nd period - Leo Komarov wins face-off versus Steven Stamkos in neutral zone.
15:51 of 2nd period - Shot by Justin Faulk.
15:51 of 2nd period - Stopped by Philipp Grubauer with a rebound.
16:24 of 2nd period - Shot by Martin Havlat.
16:24 of 2nd period - Shot Misses the Net.
16:26 of 2nd period - Shot by Shea Weber.
16:26 of 2nd period - Deflect By Jamie Benn.
16:26 of 2nd period - Stopped by Philipp Grubauer without a rebound.
16:27 of 2nd period - Bryan Little wins face-off versus Andre Deveaux in Jets zone.
16:32 of 2nd period - Shot by Tyler Johnson.
16:32 of 2nd period - Shot Misses the Net.
16:42 of 2nd period - Shot by Tyler Toffoli.
16:42 of 2nd period - Stopped by Nolan Schaefer with a rebound.
17:16 of 2nd period - Shot by Tomas Fleischmann.
17:16 of 2nd period - Shot Misses the Net.
17:18 of 2nd period - Shot by Connor Murphy.
17:18 of 2nd period - Stopped by Nolan Schaefer without a rebound.
17:19 of 2nd period - Mike Iggulden wins face-off versus Steven Stamkos in Blackhawks zone.
17:20 of 2nd period - Shot by Chris Higgins.
17:20 of 2nd period - Shot Misses the Net.
17:33 of 2nd period - Minor Penalty to Mike Iggulden for Hooking.
17:34 of 2nd period - Steven Stamkos wins face-off versus Tyler Toffoli in Jets zone.
17:51 of 2nd period - Shot by Taylor Hall.
17:51 of 2nd period - Stopped by Philipp Grubauer without a rebound.
17:52 of 2nd period - Tyler Toffoli wins face-off versus Bryan Little in Jets zone.
18:29 of 2nd period - Shot by Shea Weber.
18:29 of 2nd period - Stopped by Philipp Grubauer without a rebound.
18:30 of 2nd period - Ryan Nugent-Hopkins wins face-off versus Tyler Toffoli in Jets zone.
18:56 of 2nd period - Icing by Taylor Hall.
18:57 of 2nd period - Chris Higgins wins face-off versus Ryan Nugent-Hopkins in Blackhawks zone.
Goals for this period are 2 for Jets vs 0 for Blackhawks.
Shots for this period are 9 for Jets vs 9 for Blackhawks.

3rd period


0:01 of 3rd period - Ryan Nugent-Hopkins wins face-off versus Josh Bailey in neutral zone.
1:13 of 3rd period - Off-side.
1:14 of 3rd period - Steven Stamkos wins face-off versus Leo Komarov in neutral zone.
2:16 of 3rd period - Icing by Brett Skinner.
2:17 of 3rd period - Mike Iggulden wins face-off versus Bryan Little in Blackhawks zone.
2:19 of 3rd period - Minor Penalty to Brett Skinner for Hooking.
2:20 of 3rd period - *Nico Hischier wins face-off versus Taylor Hall in Blackhawks zone.
2:24 of 3rd period - Tyler Toffoli is hit by Victor Hedman and loses puck.
2:27 of 3rd period - Shot by Marc-Edouard Vlasic.
2:27 of 3rd period - Stopped by Nolan Schaefer with a rebound.
3:11 of 3rd period - Ryan Ellis is hit by Tyler Johnson and loses puck.
3:20 of 3rd period - Shot by Tomas Fleischmann.
3:20 of 3rd period - Shot Misses the Net.
3:26 of 3rd period - Shot by Milan Lucic.
3:26 of 3rd period - Stopped by Nolan Schaefer without a rebound.
3:27 of 3rd period - Martin Havlat wins face-off versus Chris Higgins in Blackhawks zone.
4:32 of 3rd period - Shot by Ryan Nugent-Hopkins.
4:32 of 3rd period - Goal by Ryan Nugent-Hopkins - Jets : 2 - Blackhawks : 1.
4:33 of 3rd period - Bryan Little wins face-off versus *Nico Hischier in neutral zone.
4:56 of 3rd period - Icing by Tyler Toffoli.
4:57 of 3rd period - Ryan Nugent-Hopkins wins face-off versus *Nico Hischier in Jets zone.
5:02 of 3rd period - Shot by Martin Havlat.
5:02 of 3rd period - Stopped by Philipp Grubauer with a rebound.
5:25 of 3rd period - Shot by Ryan Nugent-Hopkins.
5:25 of 3rd period - Stopped by Philipp Grubauer without a rebound.
5:26 of 3rd period - Steven Stamkos wins face-off versus Sam Reinhart in Jets zone.
5:32 of 3rd period - Shot by Steven Stamkos.
5:32 of 3rd period - Shot Misses the Net.
7:01 of 3rd period - Justin Faulk is hit by Leo Komarov and loses puck.
7:42 of 3rd period - Shot by Martin Havlat.
7:42 of 3rd period - Shot Misses the Net.
7:44 of 3rd period - Shot by Jamie Benn.
7:44 of 3rd period - Stopped by Philipp Grubauer without a rebound.
7:45 of 3rd period - Andre Deveaux wins face-off versus Steven Stamkos in Jets zone.
7:45 of 3rd period - Andre Deveaux is hit by Steven Stamkos.
8:02 of 3rd period - Tyler Toffoli is hit by Shea Weber and loses puck.
8:05 of 3rd period - Shot by Tim Jackman.
8:05 of 3rd period - Deflect By Tyler Toffoli.
8:05 of 3rd period - Stopped by Nolan Schaefer without a rebound.
8:06 of 3rd period - Ryan Nugent-Hopkins wins face-off versus Mike Iggulden in Blackhawks zone.
8:06 of 3rd period - Ryan Nugent-Hopkins is hit by Mike Iggulden.
8:07 of 3rd period - Ryan Nugent-Hopkins from Blackhawks is injured at 8:07 of 3rd period (Right Leg).
8:08 of 3rd period - Steven Stamkos wins face-off versus Mike Iggulden in Blackhawks zone.
8:39 of 3rd period - Shot by Jamie Benn.
8:39 of 3rd period - Shot Misses the Net.
8:44 of 3rd period - Steven Stamkos is hit by Connor Murphy and loses puck.
8:47 of 3rd period - Shot by Martin Havlat.
8:47 of 3rd period - Shot Misses the Net.
9:08 of 3rd period - Nikolaj Ehlers is hit by Ryan Ellis and loses puck.
9:31 of 3rd period - Shot by Bryan Little.
9:31 of 3rd period - Shot Misses the Net.
9:43 of 3rd period - Shot by Josh Bailey.
9:43 of 3rd period - Shot Misses the Net.
9:48 of 3rd period - Jamie Benn is hit by Ryan Ellis.
10:01 of 3rd period - Steven Stamkos is hit by Ryan Ellis and loses puck.
10:31 of 3rd period - Tyler Johnson is hit by *Nico Hischier and loses puck.
10:36 of 3rd period - Ryan Ellis is hit by Mika Zibanejad and loses puck.
10:59 of 3rd period - Shot by Jamie Benn.
10:59 of 3rd period - Goal by Jamie Benn - Jets : 2 - Blackhawks : 2.
11:00 of 3rd period - Mike Iggulden wins face-off versus Bryan Little in neutral zone.
11:03 of 3rd period - Martin Havlat is hit by Mike Iggulden and loses puck.
13:01 of 3rd period - Shea Weber is hit by Andre Deveaux and loses puck.
13:08 of 3rd period - Shot by Jamie Benn.
13:08 of 3rd period - Stopped by Philipp Grubauer with a rebound.
13:10 of 3rd period - Shot by Shea Weber.
13:10 of 3rd period - Shot Misses the Net.
13:31 of 3rd period - Icing by Marc-Edouard Vlasic.
13:32 of 3rd period - Steven Stamkos wins face-off versus Andre Deveaux in Jets zone.
14:29 of 3rd period - Icing by Victor Hedman.
14:30 of 3rd period - Bryan Little wins face-off versus Leo Komarov in Blackhawks zone.
15:12 of 3rd period - Mika Zibanejad is hit by Leo Komarov.
15:36 of 3rd period - Shot by Ryan Ellis.
15:36 of 3rd period - Shot Blocked by Steven Stamkos.
15:47 of 3rd period - Shot by Tyler Toffoli.
15:47 of 3rd period - Deflect By Josh Bailey.
15:47 of 3rd period - Shot Misses the Net.
16:21 of 3rd period - Shot by Mike Iggulden.
16:21 of 3rd period - Stopped by Nolan Schaefer without a rebound.
16:22 of 3rd period - Andre Deveaux wins face-off versus Tyler Johnson in Blackhawks zone.
16:22 of 3rd period - Connor Murphy is hit by Justin Faulk and loses puck.
16:42 of 3rd period - Shot by Martin Havlat.
16:42 of 3rd period - Shot Misses the Net.
16:46 of 3rd period - Shot by Jamie Benn.
16:46 of 3rd period - Shot Misses the Net.
17:05 of 3rd period - Icing by Mika Zibanejad.
17:06 of 3rd period - Mike Iggulden wins face-off versus Tyler Johnson in Blackhawks zone.
17:10 of 3rd period - Icing by Derek Forbort.
17:11 of 3rd period - Mike Iggulden wins face-off versus Tyler Johnson in Blackhawks zone.
17:19 of 3rd period - Ryan Ellis is hit by Brett Skinner and loses puck.
17:28 of 3rd period - Shot by Mika Zibanejad.
17:28 of 3rd period - Shot Misses the Net.
18:07 of 3rd period - Shot by Jamie Benn.
18:07 of 3rd period - Stopped by Philipp Grubauer with a rebound.
18:27 of 3rd period - Shot by Tomas Fleischmann.
18:27 of 3rd period - Shot Misses the Net.
18:33 of 3rd period - Shot by Leo Komarov.
18:33 of 3rd period - Shot Misses the Net.
18:35 of 3rd period - Shot by Jake Muzzin.
18:35 of 3rd period - Shot Blocked by Victor Hedman.
18:37 of 3rd period - Shot by Kevin Porter.
18:37 of 3rd period - Shot Misses the Net.
18:39 of 3rd period - Shot by Jake Muzzin.
18:39 of 3rd period - Stopped by Nolan Schaefer without a rebound.
18:40 of 3rd period - *Nico Hischier wins face-off versus Taylor Hall in Blackhawks zone.
19:06 of 3rd period - Shot by Nikolaj Ehlers.
19:06 of 3rd period - Goal by Nikolaj Ehlers - Jets : 2 - Blackhawks : 3.
19:07 of 3rd period - Steven Stamkos wins face-off versus Tyler Toffoli in neutral zone.
19:14 of 3rd period - Bryan Little is hit by Ryan Ellis and loses puck.
19:41 of 3rd period - Shot by Steven Stamkos.
19:41 of 3rd period - Stopped by Philipp Grubauer with a rebound.
19:43 of 3rd period - Shot by Steven Stamkos.
19:43 of 3rd period - Stopped by Philipp Grubauer without a rebound.
19:44 of 3rd period - Steven Stamkos wins face-off versus Andre Deveaux in Jets zone.
19:51 of 3rd period - Jets, Philipp Grubauer is pulled from the net.
19:53 of 3rd period - Shot by Ryan Ellis.
19:53 of 3rd period - Stopped by Nolan Schaefer without a rebound.
19:54 of 3rd period - Steven Stamkos wins face-off versus Tyler Toffoli in Blackhawks zone.
Goals for this period are 0 for Jets vs 3 for Blackhawks.
Shots for this period are 6 for Jets vs 10 for Blackhawks.